 Dungeon Crawl Stone Soup version 0.27-a0-334-g52645efa06 (webtiles) character file.

Game seed: 24110033489025305

1530 ReteAZ the Thaumaturge (level 8, -5/47 (59) HPs)
             Began as a Gnoll Wanderer on Feb 13, 2021.
             Killed from afar by an acid dragon (18 damage)
             ... with a splash of acid
             ... on level 6 of the Dungeon.
             The game lasted 00:09:51 (8115 turns).

ReteAZ the Thaumaturge (Gnoll Wanderer)             Turns: 8115, Time: 00:09:52

HP:   -5/47 (59)    AC:  6    Str: 14    XL:     8   Next: 85%
MP:   15/20         EV: 12    Int: 12    God:
Gold: 285           SH:  0    Dex: 11    Spells: 22/23 levels left

rFire    + . .     SeeInvis .   A - +9 whip of the Desolation of Salt {drain, rElec rF+}
rCold    . . .     Faith    .   (no shield)
rNeg     . . .     Spirit   .   C - +0 ring mail
rPois    .         Reflect  .   (no helmet)
rElec    +         Harm     .   (no cloak)
rCorr    .         Rampage  .   (no gloves)
Will     .....                  o - +0 pair of boots
Stlth    ++........             (no amulet)
HPRegen  0.15/turn              (no ring)
MPRegen  0.17/turn              (no ring)

@: heavily drained
A: distributed training, fangs 1, strong nose
a: no special abilities


You were on level 6 of the Dungeon.
You visited 2 branches of the dungeon, and saw 7 of its levels.

You collected 285 gold pieces.

Inventory:

Hand Weapons
 a - a +2 quarterstaff
 u - a +0 spectral quarterstaff
 A - the +9 whip of the Desolation of Salt (weapon) {drain, rElec rF+}
   (You took it off an orc on level 4 of the Dungeon)

   A truly terrible weapon, it drains the life of those it strikes.
   It protects you from fire.
   It insulates you from electricity.
 E - the +7 spear of Vuasmoser {vorpal, *Drain +Fly rN+++ Dex+4}
   (You found it on level 6 of the Dungeon)

   It inflicts extra damage upon your enemies.
   It affects your dexterity (+4).
   It renders you almost immune to negative energy.
   It lets you fly.
   It causes draining when unequipped.
Missiles
 e - a throwing net
 i - 49 poisoned darts
 F - 4 boomerangs
Armour
 d - a +0 robe
 o - a +0 pair of boots (worn)
 C - a +0 ring mail (worn)
Wands
 r - a wand of digging (7)
 x - a wand of random effects (13)
 D - a wand of polymorph (12)
Scrolls
 g - 3 scrolls of magic mapping {unknown}
 h - a scroll of amnesia {unknown}
 j - 6 scrolls of identify {unknown}
 l - 2 scrolls of immolation {unknown}
 s - 3 scrolls of teleportation {unknown}
 w - 2 scrolls of enchant armour {unknown}
 y - a scroll of enchant weapon {unknown}
 z - 3 scrolls of blinking {unknown}
Potions
 b - 2 potions of haste {unknown}
 c - 3 potions of curing
 f - 4 potions of heal wounds {unknown}
 k - 2 potions of mutation {unknown}
 m - 5 potions of flight {unknown}
 n - a potion of magic {unknown}
 p - a potion of cancellation {unknown}
 q - 2 potions of lignification {unknown}
 t - 2 potions of ambrosia {unknown}
 v - a potion of degeneration {unknown}
 B - a potion of attraction {unknown}


   Skills:
 + Level 3.6 Fighting
 + Level 3.6 Short Blades
 + Level 3.6 Long Blades
 + Level 3.6 Axes
 + Level 3.6 Maces & Flails
 + Level 3.6 Polearms
 + Level 5.9 Staves
 + Level 3.6 Slings
 + Level 3.6 Bows
 + Level 3.6 Crossbows
 + Level 4.5 Throwing
 + Level 3.6 Armour
 + Level 4.5 Dodging
 + Level 4.4 Stealth
 + Level 3.6 Shields
 + Level 3.6 Unarmed Combat
 + Level 8.1 Spellcasting
 + Level 4.9 Conjurations
 + Level 3.0 Hexes
 + Level 3.0 Summonings
 + Level 3.0 Necromancy
 + Level 3.0 Translocations
 + Level 3.0 Transmutations
 + Level 3.0 Fire Magic
 + Level 3.0 Ice Magic
 + Level 3.0 Air Magic
 + Level 3.0 Earth Magic
 + Level 3.0 Poison Magic
 + Level 4.0 Invocations
 + Level 3.6 Evocations


You had 22 spell levels left.
You knew the following spells:

 Your Spells              Type           Power        Failure   Level
a - Foxfire               Conj/Fire      56%          6%          1

Your spell library contained the following spells:

 Spells                   Type           Power        Failure   Level
 Confusing Touch          Hex            12%          26%         3
 Gell's Gravitas          Tloc           6%           26%         3
 Inner Flame              Hex/Fire       12%          26%         3
 Petrify                  Tmut/Erth      12%          63%         4
 Metabolic Englaciation   Hex/Ice        6%           93%         5
 Yara's Violent Unravell  Hex/Tmut       6%           93%         5


Dungeon Overview and Level Annotations

Branches:
Dungeon (6/15)             Temple (1/1) D:4

Altars:
Dithmenos
Elyvilon
Fedhas
Hepliaklqana
Kikubaaqudgha
Makhleb
Nemelex Xobeh
Qazlal
Ru
Sif Muna
Trog
Uskayaw
Vehumet
Wu Jian
Xom
Yredelemnul
Zin


Innate Abilities, Weirdness & Mutations

Your experience applies equally to all skills.
You have very sharp teeth.
Your uncanny sense of smell can sniff out nearby items.


Message History

The acid dragon is lightly wounded.
You conjure some foxfire!
The foxfire hits the acid dragon but does no damage.
The acid dragon is lightly wounded.
The foxfire hits the acid dragon.
The acid dragon is lightly wounded.
The foxfire hits the acid dragon but does no damage.
The acid dragon is lightly wounded.
The acid dragon spits acid at you. The splash of acid hits you!
You are splashed with acid!
You are too injured to fight recklessly!
You are too injured to fight recklessly!
You barely miss the acid dragon.
The acid dragon is lightly wounded.
The foxfire hits the acid dragon but does no damage.
The acid dragon is lightly wounded.
The foxfire hits the acid dragon but does no damage.
The acid dragon is lightly wounded.
The acid dragon closely misses you. The acid dragon barely misses you.
Okay, then.
Unknown command.
Unknown command.
You whack the acid dragon!
The acid dragon is moderately wounded.
The acid dragon bites you!
* * * LOW HITPOINT WARNING * * *
The acid dragon claws you but does no damage.
You barely miss the acid dragon. Your bite misses the acid dragon.
The acid dragon is moderately wounded.
The acid dragon closely misses you.
The acid dragon claws you but does no damage.
You whack the acid dragon! You drain the acid dragon.
Your bite misses the acid dragon.
The acid dragon is severely wounded.
The acid dragon closely misses you. x2
You closely miss the acid dragon.
The acid dragon is severely wounded.
The acid dragon spits acid at you. The splash of acid hits you!!
You die...

###.....ยง####..#....
#..#...###....#.# .
....###.......##.#...
..<.. #...##........
.. .#.#............#
.......##......##
.......##..##.##
(...........#.##
.......D@...#.##
.......<#......#
.......#......#
....####....### ...
#....# .. ###### .


You could see an acid dragon (catching breath, drained).

Vanquished Creatures
  Grinder (D:5)
  3 ice beasts
  2 ogres
  A phantom (D:6)
  A bullfrog (D:6)
  2 scorpions
  2 orc priests (D:3)
  2 hounds
  A bullfrog skeleton (D:4)
  Jessica (D:3)
  An iguana (D:4)
  4 orc wizards
  2 worker ants
  A hound skeleton (D:5)
  3 gnolls (D:6)
  12 adders
  A shadow imp (D:5)
  A white imp (D:5)
  3 ufetubi
  An adder skeleton (D:4)
  3 worms
  2 dart slugs
  2 leopard geckos
  16 orcs
  A ball python (D:5)
  5 bats
  5 giant cockroaches
  6 goblins
  10 hobgoblins
  6 jackals (D:2)
  7 kobolds
  3 quokkas
  3 frilled lizards (D:2)
  A leopard gecko skeleton (D:4)
  2 leopard gecko zombies (D:6)
  8 rats
  2 butterflies (D:4)
127 creatures vanquished.

Vanquished Creatures (others)
  681 foxfires
681 creatures vanquished.

Grand Total: 808 creatures vanquished

Notes
Turn   | Place    | Note
-------+----------+-------------------------------------------
     0 | D:1      | ReteAZ the Gnoll Wanderer began the quest for the Orb.
     0 | D:1      | ReteAZ set off with the following items: a +2 quarterstaff,
                  | a potion of curing, a +0 robe; and the following spell
                  | memorised: Foxfire; and the following spells available to
                  | memorise: Inner Flame
     0 | D:1      | Reached XP level 1. HP: 13/13 MP: 8/8
   280 | D:1      | Reached XP level 2. HP: 19/19 MP: 1/10
   691 | D:1      | You fall into a shaft and drop 1 floor!
   749 | D:2      | Reached XP level 3. HP: 10/25 MP: 3/11
  1277 | D:2      | Reached skill level 1 in Invocations
  1524 | D:2      | Reached skill level 1 in Fighting
  1524 | D:2      | Reached skill level 1 in Short Blades
  1524 | D:2      | Reached skill level 1 in Long Blades
  1524 | D:2      | Reached skill level 1 in Axes
  1524 | D:2      | Reached skill level 1 in Maces & Flails
  1524 | D:2      | Reached skill level 1 in Polearms
  1524 | D:2      | Reached skill level 1 in Slings
  1524 | D:2      | Reached skill level 1 in Bows
  1524 | D:2      | Reached skill level 1 in Crossbows
  1524 | D:2      | Reached skill level 1 in Armour
  1524 | D:2      | Reached skill level 1 in Shields
  1524 | D:2      | Reached skill level 1 in Unarmed Combat
  1524 | D:2      | Reached skill level 1 in Evocations
  1631 | D:2      | Reached XP level 4. HP: 32/32 MP: 1/13
  1786 | D:2      | Reached skill level 1 in Hexes
  1786 | D:2      | Reached skill level 1 in Summonings
  1786 | D:2      | Reached skill level 1 in Necromancy
  1786 | D:2      | Reached skill level 1 in Translocations
  1786 | D:2      | Reached skill level 1 in Transmutations
  1786 | D:2      | Reached skill level 1 in Fire Magic
  1786 | D:2      | Reached skill level 1 in Ice Magic
  1786 | D:2      | Reached skill level 1 in Air Magic
  1786 | D:2      | Reached skill level 1 in Earth Magic
  1786 | D:2      | Reached skill level 1 in Poison Magic
  2841 | D:3      | Found a bloodstained altar of Trog.
  2936 | D:3      | Reached XP level 5. HP: 37/37 MP: 8/14
  3865 | D:3      | Reached XP level 6. HP: 44/44 MP: 4/16
  3889 | D:3      | Noticed Jessica
  3895 | D:3      | Killed Jessica
  4152 | D:3      | Found an ornate altar of the Wu Jian Council.
  4417 | D:4      | Found a staircase to the Ecumenical Temple.
  4435 | D:4      | Found a shimmering altar of Xom.
  4437 | Temple   | Entered the Ecumenical Temple
  4684 | D:4      | Reached skill level 5 in Staves
  5450 | D:4      | Reached XP level 7. HP: 50/50 MP: 12/18
  5741 | D:5      | Entered Level 5 of the Dungeon
  5887 | D:5      | Identified the +9 whip of the Desolation of Salt {drain,
                  | rElec rF+}
  6144 | D:5      | Found a stormy altar of Qazlal.
  6512 | D:5      | Found a hazy altar of Hepliaklqana.
  6583 | D:5      | Noticed Grinder
  6859 | D:5      | Killed Grinder
  6901 | D:5      | Reached XP level 8. HP: 37/57 MP: 9/19
  7441 | D:5      | Found a sacrificial altar of Ru.
  7763 | D:6      | Reached skill level 8 in Spellcasting
  7945 | D:6      | Got a faintly glowing spear
  7946 | D:6      | Identified the +7 spear of Vuasmoser {vorpal, *Drain +Fly
                  | rN+++ Dex+4} (You found it on level 6 of the Dungeon)
  8115 | D:6      | Killed from afar by an acid dragon

Illustrated notes

Levels and vault maps discovered:
D:1:      dpeg_arrival_line_fractal, layout_basic
D:2:      layout_loops_cross
D:3:      layout_loops_ring, pdpol_wu_jian_five_deadly_venoms,
          lemuel_statue_altar, uniq_jessica
D:4:      layout_basic, xom_butterflies, minmay_temple_entry_statues_fountains
D:5:      layout_loops_ring, hangedman_feature_mirror, nicolae_ru_path_of_blood,
          uniq_grinder
D:6:      layout_cave_pools
Temple:   eino_narrow_crystal_temple

Skill      XL: |  1  2  3  4  5  6  7  8 |
---------------+-------------------------+-----
Invocations    | 1 2 3 4 |  4.0
Fighting       | 1 2 3 |  3.6
Short Blades   | 1 2 3 |  3.6
Long Blades    | 1 2 3 |  3.6
Axes           | 1 2 3 |  3.6
Maces & Flails | 1 2 3 |  3.6
Polearms       | 1 2 3 |  3.6
Slings         | 1 2 3 |  3.6
Bows           | 1 2 3 |  3.6
Crossbows      | 1 2 3 |  3.6
Armour         | 1 2 3 |  3.6
Shields        | 1 2 3 |  3.6
Unarmed Combat | 1 2 3 |  3.6
Evocations     | 1 2 3 |  3.6
Hexes          | 1 2 3 |  3.0
Summonings     | 1 2 3 |  3.0
Necromancy     | 1 2 3 |  3.0
Translocations | 1 2 3 |  3.0
Transmutations | 1 2 3 |  3.0
Fire Magic     | 1 2 3 |  3.0
Ice Magic      | 1 2 3 |  3.0
Air Magic      | 1 2 3 |  3.0
Earth Magic    | 1 2 3 |  3.0
Poison Magic   | 1 2 3 |  3.0
Throwing       | 3 4 |  4.5
Dodging        | 3 4 |  4.5
Conjurations   | 4 |  4.9
Stealth        | 3 4 |  4.4
Staves         | 5 |  5.9
Spellcasting   | 8 |  8.1

Action                   |  1- 3 |  4- 6 |  7- 9 || total
-------------------------+-------+-------+-------++-------
Melee: Quarterstaff      |     7 |    15 |    14 ||    36
       Whip              |       |       |    41 ||    41
       Bite              |       |       |     2 ||     2
 Cast: Foxfire           |    82 |   212 |   167 ||   461
Evoke: Wand              |       |       |     1 ||     1
  Use: Potion            |       |     1 |       ||     1
Armor: Robe              |     7 |    10 |     1 ||    18
       Ring mail         |       |       |    28 ||    28
Dodge: Dodged            |     7 |    30 |    72 ||   109

Table legend: (Time is in decaauts)
 A = Elapsed time spent in this place.
 B = Non-inter-level travel time spent in this place.
 C = Inter-level travel time spent in this place.
 D = Time resting spent in this place.
 E = Time spent auto-exploring this place.
 F = Levels seen in this place.
 G = Mean time per level.
                   A        B        C        D        E       F      G
               +--------+--------+--------+--------+--------+-----+--------+
         Total |   8117 |   7912 |    205 |    997 |   5842 |   7 | 1159.6 |
       Dungeon |   7940 |   7742 |    198 |    997 |   5674 |   6 | 1323.3 |
        Temple |    176 |    169 |      7 |      0 |    168 |   1 |  176.0 |
               +--------+--------+--------+--------+--------+-----+--------+

Top non-repeatable levels by time:
     D:2: 1849 daAuts
     D:4: 1714 daAuts
     D:5: 1594 daAuts
     D:3: 1439 daAuts
     D:1: 952 daAuts
     D:6: 391 daAuts
  Temple: 176 daAuts
